 Dungeon Crawl Stone Soup version 0.31-a0-1458-g2f8d4710b4 (webtiles) character file.

Game seed: 6461635596458178702

190730 Gargoyl the Executioner (level 18, -32/186 HPs)
             Began as a Gargoyle Berserker on Dec 28, 2023.
             Was an Elder of Trog.
             Annihilated by a war gargoyle
             ... wielding a +1 great mace of draining
             ... led by a peacekeeper
              (46 damage)
             ... on level 1 of the Vaults.
             The game lasted 00:42:39 (32312 turns).

Gargoyl the Executioner (Gargoyle Berserker)       Turns: 32312, Time: 00:42:40

Health: -32/186    AC: 39    Str: 21    XL:     18   Next: 17%
Magic:  18/18      EV: 16    Int: 10    God:    Trog [****..]
Gold:   2444       SH:  9    Dex: 19    Spells: 17/17 levels left

rFire   . . .        P - +5 broad axe (flame)
rCold   . . .        t - +0 kite shield
rNeg    + + .        l - +0 acid dragon scales
rPois   ∞            E - +3 crown of Dyrovepreva {rElec Int+2 SInv}
rElec   +            C - +2 cloak
rCorr   +            B - +1 pair of gloves "Jeutt" {rElec rCorr}
SInv    +            U - +2 pair of boots {rampage}
Will    ++++.        (no amulet)
Stlth   x              - ring of positive energy
HPRegen 1.51/turn    D - +4 ring of protection
MPRegen 0.16/turn

%: rampage
@: berserking (expiring), strong-willed, flying, regenerating, very quick
A: sickness immunity, AC +13, big wings, negative energy resistance 1,
electricity resistance, torment resistance 1, petrification resistance, agile 1,
strong-willed 1, mutation resistance 1
}: 1/15 runes: gossamer
a: Renounce Religion, Berserk, Trog's Hand, Brothers in Arms


You were on level 1 of the Vaults.
You worshipped Trog.
Trog was greatly pleased with you.
You visited 4 branches of the dungeon, and saw 25 of its levels.

You collected 2444 gold pieces.

Inventory:

Hand Weapons
 v - a +2 war axe of flaming
 P - a +5 broad axe of flaming (weapon)
Missiles
 f - 80 poisoned darts
 O - 8 curare-tipped darts (quivered)
Armour
 l - +0 acid dragon scales (worn)
 t - a +0 kite shield (worn)
 B - the +1 pair of gloves "Jeutt" (worn) {rElec rCorr}
   (You acquired it on level 7 of the Dungeon)

   rElec:     It insulates you from electricity.
   rCorr:     It protects you from acid and corrosion.
 C - a +2 cloak (worn)
 E - the +3 crown of Dyrovepreva (worn) {rElec Int+2 SInv}
   (You found it on level 8 of the Dungeon)

   Int+2:     It affects your intelligence (+2).
   rElec:     It insulates you from electricity.
   SInv:      It lets you see invisible.
 U - a +2 pair of boots of rampaging (worn)
Jewellery
 r - a +4 ring of protection
 x - a ring of positive energy (left hand)
 y - an amulet of magic regeneration
 D - a +4 ring of protection (right hand)
 G - an amulet of guardian spirit
 H - a ring of positive energy
 Z - the ring of the Invisible Xenops {rN+ Str+6}
   (You found it on level 12 of the Dungeon)

   [ring of positive energy]

   Str+6:     It affects your strength (+6).
   rN+:       It protects you from negative energy.
Wands
 p - a wand of acid (17)
 u - a wand of roots (32)
 w - a wand of paralysis (26)
 F - a wand of mindburst (31)
 J - a wand of flame (35)
 K - a wand of digging (10)
 N - a wand of polymorph (15)
Scrolls
 b - 4 scrolls of teleportation
 e - 3 scrolls of blinking
 g - 3 scrolls of fear
 j - 4 scrolls of revelation
 k - 2 scrolls of torment
 s - 8 scrolls of poison
 R - 12 scrolls of identify
 S - a scroll of silence
 W - a scroll of vulnerability
 Y - 4 scrolls of immolation
Potions
 c - 3 potions of invisibility
 d - a potion of resistance
 h - 6 potions of might
 i - 3 potions of magic
 m - 5 potions of mutation
 n - 2 potions of berserk rage
 o - 6 potions of curing
 q - a potion of cancellation
 z - 7 potions of ambrosia
 A - 2 potions of heal wounds
 I - 2 potions of lignification
 L - a potion of attraction
 M - a potion of haste
 Q - 3 potions of enlightenment


   Skills:
 + Level 17.6 Fighting
 + Level 21.1 Axes
 + Level 12.2 Armour
 + Level 9.1 Dodging
 + Level 7.7 Stealth
 + Level 1.7 Shields
 + Level 1.4 Unarmed Combat
 + Level 0.6 Evocations
 + Level 0.2 Shapeshifting


You had 17 spell levels left.
You didn't know any spells.
Your spell library was empty.

Dungeon Overview and Level Annotations

Branches:
Dungeon (15/15)            Temple (0/1) D:4            Lair (5/5) D:8
 Shoals (0/4) Lair:3       Spider (4/4) Lair:3        Slime (0/5) Lair:4
    Orc (0/2) D:9          Vaults (1/5) D:13         Depths (0/4) D:15

Altars:
Ashenzari
Dithmenos
Elyvilon
Hepliaklqana
Kikubaaqudgha
Okawaru
Qazlal
Ru
Trog
Vehumet
Xom
Yredelemnul
The Shining One
Jiyva

Shops:
D:2 !


Innate Abilities, Weirdness & Mutations

You are immune to sickness and miasma.
Your stone body is resilient. (AC +13)
You are immune to poison.
Your large and strong wings let you fly.
You resist negative energy. (rN+)
You are resistant to electric shocks. (rElec)
You are resistant to unholy torment.
You are immune to petrification.
You are agile. (Dex +4, Str/Int -1)
You are strong-willed. (Will+)
You are somewhat resistant to further mutation.


Message History

You hit the peacekeeper.
The peacekeeper is almost destroyed.
You slash the harpy! You burn the harpy.
You kill the harpy!
Trog accepts your kill.
You slice the crystal guardian!! You hit the war gargoyle.
You burn the war gargoyle.
The war gargoyle hits you with a +1 great mace of draining!!
The peacekeeper barely misses you. The peacekeeper completely misses you.
The harpy claws you but does no damage. The harpy misses you.
The crystal guardian fires a crystalline bolt at you.
The crystal bolt freezes you!!
You hit the crystal guardian but do no damage.
The crystal guardian is heavily damaged.
You slash the peacekeeper! You burn the peacekeeper.
You destroy the peacekeeper!
Trog accepts your kill.
You closely miss the harpy.
You hit the war gargoyle but do no damage.
You slash the harpy! You burn the harpy. The harpy closely misses you. x2
You block the harpy's attack. x2; You block the war gargoyle's attack.
You hit the crystal guardian but do no damage.
The crystal guardian is heavily damaged.
You hit the war gargoyle. You burn the war gargoyle. You slash the harpy!
You burn the harpy. You closely miss the harpy. You block the harpy's attack.
The harpy closely misses you. The harpy claws you.
The harpy claws you but does no damage.
The crystal guardian fires a crystalline bolt at you.
The crystal bolt freezes you!!!
* * * LOW HITPOINT WARNING * * *
You block the war gargoyle's attack.
You slice the crystal guardian!!
The crystal guardian is almost destroyed.
You hit the war gargoyle. You slash the harpy! You burn the harpy.
You kill the harpy!
Trog accepts your kill.
You closely miss the harpy. The harpy barely misses you.
You block the harpy's attack.
The war gargoyle hits you with a +1 great mace of draining!!!
You die...

############
#..........#
#..........#
#..........#
#..........#
#..........#
#..........#
#....H@9...#
#....9.....#
+..........#
#########''#
#.....#
#.....#
#.###.# #.
#..# # ##.#


You could see a crystal guardian (strong), a war gargoyle (strong) and a harpy.

Vanquished Creatures
  Kirke (Spider:4)
  Aizul (Spider:4)
  A frost giant (D:15)
  5 emperor scorpions
  A ghost moth (Spider:4)
  9 broodmothers
  5 ironbound preservers
  The ghost of Opekasam the Thrower, a journeyman TrHs of Ashenzari (Lair:4)
  An ironbound thunderhulk (Vaults:1)
  The ghost of Veeruq the Blocker, a journeyman DsFi of Okawaru (Lair:4)
  A spark wasp (Spider:2)
  4 entropy weavers
  A fire dragon (Lair:5)
  2 great orbs of eyes (Vaults:1)
  Fannar (D:11)
  A yaktaur captain (Vaults:1)
  A peacekeeper (Vaults:1)
  Harold (D:11)
  4 hydras
  3 catoblepae
  7 centaur warriors
  Erica (D:11)
  3 radroaches
  4 boulder beetles
  3 tengu warriors
  10 death yaks (Lair:5)
  8 demonic crawlers
  Urug (D:12)
  Sonja (Lair:2)
  3 skysharks
  13 deep trolls (Vaults:1)
  11 orb spiders
  10 pharaoh ants
  A swamp dragon (Lair:5)
  An ironbound convoker (Vaults:1)
  A lindwurm (Vaults:1)
  An arcanist (Vaults:1)
  A glowing orange brain (D:13)
  3 harpies (Vaults:1)
  8 steelbarb worms
  3 deep elf pyromancers
  17 ugly things
  15 wolf spiders
  An oklob plant (Lair:4)
  A manticore (D:14)
  13 elephants
  Maurice (D:10)
  3 moths of wrath
  A black mamba (shapeshifter) (D:15)
  4 cyclopes
  A meliai (shapeshifter) (D:14)
  A guardian serpent (Lair:5)
  3 meliai (Spider:2)
  8 black mambas
  4 gargoyles
  3 torpor snails
  3 rime drakes
  An unseen horror (D:11)
  10 komodo dragons
  16 cane toads
  3 yaktaurs
  2 kobold demonologists
  A tengu conjurer (D:13)
  2 efreet
  6 trolls
  3 polar bears
  3 hornets
  24 tarantellas
  4 dream sheep (Lair:4)
  22 blink frogs
  A snapping turtle (Lair:3)
  21 jumping spiders
  14 culicivoras
  A water elemental (Lair:3)
  5 shadows
  12 wyverns
  3 slime creatures (D:15)
  A wraith (D:12)
  A fire bat (shapeshifter) (D:14)
  2 vampires
  A fire bat (D:6)
  5 basilisks
  A steam dragon (Lair:5)
  46 yaks
  3 hogs (Spider:4)
  7 vampire mosquitoes
  28 redbacks
  5 acid dragons
  33 water moccasins
  A swamp drake (Lair:5)
  A black bear (D:8)
  3 ice beasts
  3 orc warriors
  2 sky beasts
  8 boggarts
  14 centaurs
  2 ogres
  24 wolves
  A phantom (D:5)
  15 kobold brigands
  13 bullfrogs
  3 scorpions
  10 wights
  9 killer bees
  2 electric eels
  9 howler monkeys
  A lava snake (D:8)
  9 hounds
  5 orc priests
  3 bombardier beetles
  6 jellies
  A gnoll bouda (D:6)
  A sleepcap (D:5)
  8 orc wizards
  7 iguanas
  5 gnolls (D:6)
  13 adders
  7 shadow imps
  2 white imps
  A worm (D:3)
  A dart slug (D:5)
  56 orcs
  5 ball pythons
  8 bats
  12 endoplasms
  3 giant cockroaches
  8 goblins
  10 hobgoblins
  8 jackals
  42 kobolds
  5 quokkas
  3 frilled lizards
  11 kobold skeletons (D:9)
  7 kobold zombies (D:9)
  5 rats
878 creatures vanquished.

Vanquished Creatures (collateral kills)
  Arachne (Spider:3)
  An emperor scorpion (Spider:3)
  2 boulder beetles
  A jorogumo (Spider:2)
  A radroach (Spider:4)
  6 death yaks (Lair:5)
  A demonic crawler (Spider:4)
  A pharaoh ant (Spider:3)
  An orb spider (Spider:4)
  3 ugly things (D:14)
  A wolf spider (Spider:3)
  A moth of wrath (Spider:4)
  An elephant (Lair:5)
  A torpor snail (Spider:4)
  A kobold demonologist (D:12)
  A tarantella (Spider:4)
  A jumping spider (Spider:4)
  2 wyverns (Lair:5)
  A culicivora (Spider:3)
  A redback (Spider:4)
29 creatures vanquished.

Vanquished Creatures (others)
  A wolf spider (Spider:4)
  A tarantella (Spider:4)
2 creatures vanquished.

Grand Total: 909 creatures vanquished

Notes
Turn   | Place    | Note
-------+----------+-------------------------------------------
     0 | D:1      | Gargoyl the Gargoyle Berserker began the quest for the Orb.
     0 | D:1      | Reached XP level 1. HP: 14/14 MP: 1/1
   167 | D:1      | Reached XP level 2. HP: 19/19 MP: 2/2
   190 | D:1      | Reached skill level 3 in Axes
   910 | D:2      | Reached ** piety under Trog
   915 | D:2      | Reached XP level 3. HP: 24/24 MP: 3/3
   929 | D:2      | Found Wikasuil's Distillery.
   983 | D:2      | Found a faded altar of an unknown god.
  1330 | D:2      | Reached XP level 4. HP: 29/29 MP: 4/4
  1762 | D:3      | Reached *** piety under Trog
  1861 | D:3      | Reached XP level 5. HP: 27/33 MP: 5/5
  1932 | D:3      | Found an iron altar of Okawaru.
  1932 | D:3      | Found a hazy altar of Hepliaklqana.
  1946 | D:3      | Reached skill level 4 in Axes
  2443 | D:4      | Found a staircase to the Ecumenical Temple.
  3389 | D:5      | Entered Level 5 of the Dungeon
  3392 | D:5      | Noticed an ogre
  3396 | D:5      | Killed an ogre
  3397 | D:5      | Reached XP level 6. HP: 29/39 MP: 6/6
  3531 | D:5      | Identified the +1 short sword of Disorder {flame, rC+}
  3541 | D:5      | Reached skill level 5 in Armour
  3541 | D:5      | Reached XP level 7. HP: 31/44 MP: 7/7
  3623 | D:5      | Reached skill level 5 in Axes
  3747 | D:5      | Reached skill level 6 in Axes
  3748 | D:5      | Reached XP level 8. HP: 34/48 MP: 8/8
  3870 | D:5      | Reached skill level 5 in Fighting
  4066 | D:5      | Reached skill level 7 in Axes
  4191 | D:5      | Reached skill level 1 in Stealth
  4465 | D:5      | Found a white marble altar of Elyvilon.
  4869 | D:6      | Reached skill level 8 in Axes
  4924 | D:6      | Reached XP level 9. HP: 45/54 MP: 9/9
  5328 | D:6      | Found a shimmering altar of Xom.
  5721 | D:7      | Identified 2 scrolls of acquirement
  5721 | D:7      | Acquired the +1 pair of gloves "Jeutt" {rElec rCorr}
  5922 | D:7      | Found a shadowy altar of Dithmenos.
  5933 | D:7      | Found a radiant altar of Vehumet.
  5967 | D:7      | Found a broken altar of Ashenzari.
  6024 | D:7      | Reached skill level 9 in Axes
  6189 | D:7      | Found a flagged portal.
  6280 | D:7      | Identified the +3 long sword "Wang" {spect, Will+ SInv}
  6506 | D:7      | Acquired a +1 battleaxe of flaming
  6533 | D:8      | Found the +3 crown of Dyrovepreva {rElec Int+2 SInv}
  6610 | D:8      | Noticed a komodo dragon
  6621 | D:8      | Killed a komodo dragon
  6622 | D:8      | Reached XP level 10. HP: 61/61 MP: 10/10
  6626 | D:8      | Found a stormy altar of Qazlal.
  6639 | D:8      | Reached **** piety under Trog
  6646 | D:8      | Reached skill level 10 in Axes
  6918 | D:8      | Found a staircase to the Lair.
  6918 | D:8      | Noticed an elephant
  6923 | D:8      | Killed an elephant
  7368 | Lair:1   | Entered Level 1 of the Lair of Beasts
  7368 | Lair:1   | Noticed a cane toad
  7372 | Lair:1   | Killed a cane toad
  7813 | Lair:1   | Reached skill level 11 in Axes
  7833 | Lair:1   | Reached XP level 11. HP: 52/68 MP: 11/11
  8107 | Lair:1   | Reached skill level 12 in Axes
  8157 | Lair:1   | Identified the +0 plate armour "Fiavowun" {^Contam +Blink
                  | rElec Stlth+}
  8743 | Lair:2   | Noticed a boulder beetle
  8764 | Lair:2   | Gained mutation: You have a pair of small horns on your
                  | head. [potion of mutation]
  8764 | Lair:2   | Gained mutation: You occasionally lose the ability to read
                  | scrolls when taking damage. [potion of mutation]
  8764 | Lair:2   | Gained mutation: You are agile. (Dex +4, Str/Int -1)
                  | [potion of mutation]
  8874 | Lair:2   | Identified the +2 plate armour of Recklessness {rF- rN++
                  | Will+ Int+3}
  9046 | Lair:2   | Killed a boulder beetle
  9047 | Lair:2   | Reached skill level 13 in Axes
  9151 | Lair:2   | Reached XP level 12. HP: 43/76 MP: 12/12
  9221 | Lair:2   | You fall into a shaft and drop 2 floors!
  9363 | Lair:4   | Found a runed translucent gate.
  9363 | Lair:4   | Found a runed translucent gate.
  9363 | Lair:4   | Found a runed translucent gate.
  9373 | Lair:3   | Noticed a skyshark
  9384 | Lair:3   | Killed a skyshark
  9421 | Lair:3   | Noticed a skyshark
  9428 | Lair:3   | Killed a skyshark
  9445 | Lair:3   | Reached skill level 10 in Armour
  9545 | Lair:3   | Noticed a catoblepas
  9559 | Lair:3   | Killed a catoblepas
  9570 | Lair:3   | Noticed an eight-headed hydra
  9576 | Lair:3   | Killed a five-headed hydra
  9581 | Lair:3   | Reached skill level 14 in Axes
  9707 | Lair:2   | Reached skill level 10 in Fighting
  9708 | Lair:2   | Noticed a catoblepas
  9722 | Lair:2   | Killed a catoblepas
 10065 | Lair:2   | Noticed Sonja
 10071 | Lair:2   | Killed Sonja
 10765 | Lair:3   | Noticed a six-headed hydra
 10773 | Lair:3   | Killed a three-headed hydra
 10774 | Lair:3   | Reached XP level 13. HP: 74/83 MP: 13/13
 10932 | Lair:3   | Found a hole to the Spider Nest.
 11121 | Lair:3   | Found a staircase to the Shoals.
 11309 | Lair:3   | Reached skill level 15 in Axes
 11535 | Lair:4   | Noticed Opekasam's ghost (journeyman TrHs)
 11536 | Lair:4   | Noticed Veeruq's ghost (journeyman DsFi)
 11559 | Lair:4   | Killed Veeruq's ghost
 11647 | Lair:4   | Killed Opekasam's ghost
 12297 | Lair:4   | Found a viscous altar of Jiyva.
 12298 | Lair:4   | Found a staircase to the Slime Pits.
 12488 | Lair:4   | Found a basalt altar of Yredelemnul.
 12698 | Lair:5   | Entered Level 5 of the Lair of Beasts
 12716 | Lair:5   | Reached skill level 16 in Axes
 13091 | Lair:5   | Found a radiant altar of Vehumet.
 13186 | Lair:5   | Gained mutation: Your large and strong wings let you fly.
                  | [Gargoyle growth]
 13186 | Lair:5   | Reached XP level 14. HP: 81/92 MP: 14/14
 13343 | Lair:5   | Reached skill level 5 in Dodging
 13467 | Lair:5   | Reached ***** piety under Trog
 13500 | Lair:5   | HP: 5/138 [guardian serpent (5)]
 13839 | Lair:5   | Reached skill level 17 in Axes
 15665 | D:9      | Found a staircase to the Orcish Mines.
 16025 | D:9      | Identified the +4 scale mail of the Impish God {rF- Will+
                  | Dex+4}
 16026 | D:9      | Found a glowing golden altar of the Shining One.
 16026 | D:9      | Found a bloodstained altar of Trog.
 16076 | D:9      | Reached XP level 15. HP: 99/99 MP: 15/15
 16119 | D:9      | Found an ancient bone altar of Kikubaaqudgha.
 16620 | D:9      | Found a sacrificial altar of Ru.
 16620 | D:9      | Found a basalt altar of Yredelemnul.
 16662 | D:10     | Entered Level 10 of the Dungeon
 16663 | D:10     | Received a gift from Trog
 16775 | D:10     | Noticed Maurice
 16787 | D:10     | Maurice stole a ring of willpower
 16796 | D:10     | Killed Maurice
 17011 | D:10     | Reached skill level 18 in Axes
 17419 | D:11     | Noticed Erica
 17428 | D:11     | Killed Erica
 17441 | D:11     | Reached ****** piety under Trog
 17495 | D:11     | Noticed Harold
 17502 | D:11     | Noticed Fannar
 17507 | D:11     | Killed Harold
 17516 | D:11     | Killed Fannar
 18055 | D:12     | Identified the +8 chain mail of the Pit {-Tele Str+5}
 18090 | D:12     | HP: 5/150 [burnt (5)]
 18307 | D:12     | Noticed Urug
 18322 | D:12     | Killed Urug
 18611 | D:12     | Identified the ring of the Invisible Xenops {rN+ Str+6}
 19009 | D:13     | Lost mutation: You have a pair of small horns on your head.
                  | [potion of mutation]
 19009 | D:13     | Lost mutation: You occasionally lose the ability to read
                  | scrolls when taking damage. [potion of mutation]
 19009 | D:13     | Gained mutation: You are somewhat resistant to further
                  | mutation. [potion of mutation]
 19009 | D:13     | Gained mutation: You are strong-willed. (Will+) [potion of
                  | mutation]
 19243 | D:13     | Received a gift from Trog
 19256 | D:13     | Found a gate to the Vaults.
 19267 | D:13     | Reached skill level 5 in Stealth
 20097 | D:14     | Reached skill level 19 in Axes
 20676 | D:14     | Identified the +9 great sword "Giantbane" {venom, +Blink
                  | rPois Dex-5 Stlth-}
 20838 | D:15     | Entered Level 15 of the Dungeon
 20883 | D:15     | Reached XP level 16. HP: 89/107 MP: 16/16
 21614 | D:15     | Found a staircase to the Depths.
 22319 | Spider:1 | Entered Level 1 of the Spider Nest
 22853 | Spider:1 | Reached skill level 15 in Fighting
 23102 | Spider:1 | Received a gift from Trog
 23318 | Spider:1 | Reached skill level 20 in Axes
 25028 | Spider:3 | Noticed Arachne
 25060 | Spider:3 | Killed Arachne
 25061 | Spider:3 | Reached XP level 17. HP: 115/115 MP: 17/17
 25852 | Spider:4 | Entered Level 4 of the Spider Nest
 26522 | Spider:4 | Noticed Kirke
 26767 | Spider:4 | Noticed a sphinx
 26767 | Spider:4 | Killed Kirke
 27135 | Spider:4 | Identified the serpent talisman of Xawo {rF+ Will- Str+8}
 27135 | Spider:4 | Noticed Aizul
 27653 | Spider:4 | Killed Aizul
 27747 | Spider:4 | Got a gossamer rune of Zot
 28298 | Vaults:1 | Entered Level 1 of the Vaults
 31829 | Vaults:1 | Reached skill level 21 in Axes
 32105 | Vaults:1 | Reached skill level 1 in Unarmed Combat
 32124 | Vaults:1 | Reached XP level 18. HP: 109/124 MP: 18/18
 32218 | Vaults:1 | Reached skill level 1 in Shields
 32312 | Vaults:1 | Annihilated by a war gargoyle

Illustrated notes

Levels and vault maps discovered:
D:1:      eino_arrival_cavern_a, layout_basic
D:2:      minmay_chambers_of_twos, layout_rooms,
          shapermc_ecumenical_altar_notcrosses, serial_shops, shop
D:3:      layout_rooms, nicolae_overflow_two_pavilions
D:4:      layout_layer_cave, minmay_temple_entry_wispy
D:5:      minmay_polygon_palace, layout_basic,
          mainiacjoe_overflow_surrounded_room, minmay_increasing_density
D:6:      layout_basic, regret_index_xom_of_box, serial_park_tiny_2,
          roderic_malta_cross
D:7:      layout_loops_ring, mainiacjoe_overflow_chevrons, minitemple,
          enter_bailey_1
D:8:      layout_cave_pools, grunt_lair_entry_orc_guard_hut, serial_park,
          serial_park_tiny_pond, serial_park_tiny_2, serial_park_paths
          [serial_park_minivault_5x5_4], corexii_corridor_pit, kennysheep_potato
D:9:      wander_kiku_kobolds, layout_basic, grunt_temple_overflow_open,
          gammafunk_temple_overflow_wave, hiddenorc2_lemuel
D:10:     layout_cave_pools, uniq_maurice
D:11:     layout_basic, uniq_fannar, uniq_erica, uniq_harold
D:12:     layout_small_grid, uniq_urug
D:13:     layout_roguey, hellmonk_vaults_order_and_chaos
D:14:     layout_layer_cave, kennysheep_decorative_pillar
D:15:     grunt_enter_depths_snipers, layout_cave_pods, chequers_arboretum,
          gauntlet_entry_generic
Lair:1:   layout_concentric_octagons, grunt_megastairs_2
Lair:2:   layout_regular_city, uniq_sonja
Lair:3:   layout_long_grid, minmay_shoals_entry_hut,
          nicolae_spider_entry_tight_spaces, st_stairs_7
Lair:4:   layout_hall_layers, nicolae_slime_entry_slimehenge,
          gammafunk_ghost_cemetery, basic_altar, lemuel_fruit_fields,
          lemuel_fruit_tree
Lair:5:   hangedman_lair_tendril_chambers, layout_regular_city,
          guppyfry_lair_end_dragon, basic_altar
Spider:1: layout_spider_delve, nicolae_spider_claw_tunnel
Spider:2: nicolae_spider_hilbert_zone_4 [nicolae_spider_hilbert_4_sides_2_open,
          nicolae_spider_hilbert_4_sides_1_open,
          nicolae_spider_hilbert_4_sides_1_open,
          nicolae_spider_hilbert_4_sides_1_open,
          nicolae_spider_hilbert_4_sides_1_open,
          nicolae_spider_hilbert_2_sides_1_open,
          nicolae_spider_hilbert_2_sides_1_open,
          nicolae_spider_hilbert_2_sides_1_open,
          nicolae_spider_hilbert_2_sides_1_open,
          nicolae_spider_hilbert_6_sides_1_open,
          nicolae_spider_hilbert_6_sides_1_open,
          nicolae_spider_hilbert_3_sides_1_open,
          nicolae_spider_hilbert_3_sides_1_open]
Spider:3: layout_spider_delve, hangedman_spider_tarantella_strand, uniq_arachne
Spider:4: hellmonk_spider_rune_endless_swarm, uniq_aizul, uniq_kirke
Vaults:1: nicolae_vaults_tetromino_L_2, nicolae_vaults_closet_pinwheel_6,
          nicolae_vaults_trapezoid_4, nicolae_vaults_two_Ls,
          grunt_vaults_hallway_long, nicolae_vaults_shelves_hall,
          nicolae_vaults_surprise_closet, vaults_room_pools,
          nicolae_vaults_more_shelving_2, nicolae_vaults_rhombus_5,
          vaults_room_fancy_cross, ontoclasm_vaults_eye,
          vaults_standard_mumra_enter_the_diamond, nicolae_vaults_big_ls,
          layout_vaults_omnibox, serial_shops,
          nicolae_shop_pleasant_corner_grove

Skill      XL: |  1  2  3  4  5  6  7  8  9 10 11 12 13 14 15 16 17 18 |
---------------+-------------------------------------------------------+-----
Axes           | 3 4 6 8 9 11 13 14 16 17 19 20 21 | 21.1
Dodging        | 2 3 4 6 7 8 9 |  9.1
Fighting       | 4 5 6 7 9 10 12 13 14 15 17 | 17.6
Armour         | 4 5 7 8 9 10 11 12 | 12.2
Stealth        | 1 2 3 5 6 7 |  7.7
Unarmed Combat | 1 |  1.4
Shields        | 1 |  1.7
Evocations     | |  0.6
Shapeshifting  | |  0.2

Action                     |  1- 3 |  4- 6 |  7- 9 | 10-12 | 13-15 | 16-18 || total
---------------------------+-------+-------+-------+-------+-------+-------++-------
  Melee: Hand axe          |   108 |   204 |   339 |       |       |       ||   651
         Punch             |       |     1 |     3 |       |       |     4 ||     8
         Battleaxe         |       |       |    19 |   350 |   870 |   138 ||  1377
         Headbutt          |       |       |       |    48 |   162 |       ||   210
         Broad axe         |       |       |       |       |       |   599 ||   599
         Unarmed           |       |       |       |       |       |     5 ||     5
         Constrict         |       |       |       |       |       |     1 ||     1
  Throw: Dart              |       |       |       |       |       |     4 ||     4
 Invoke: Berserk           |       |     3 |    10 |     5 |    17 |    21 ||    56
         Trog's Hand       |       |     1 |     4 |     7 |    10 |    13 ||    35
         Brothers in Arms  |       |       |       |     1 |     4 |     5 ||    10
Ability: Begin Untransform |       |       |       |       |       |     1 ||     1
  Evoke: Wand              |       |       |       |     2 |       |     2 ||     4
    Use: Scroll            |     6 |     6 |     3 |     1 |    23 |    15 ||    54
         Potion            |       |       |     1 |     3 |     3 |     5 ||    12
   Stab: Petrified         |       |       |       |     2 |     2 |       ||     4
         Confused          |       |       |       |       |     2 |       ||     2
         Sleeping          |       |       |       |       |    11 |    16 ||    27
         Distracted        |       |       |       |       |       |     1 ||     1
 Armour: Animal skin       |    36 |       |       |       |       |       ||    36
         Chain mail        |    77 |   204 |   305 |   570 |   309 |       ||  1465
         Skin              |       |       |    33 |       |       |     3 ||    36
         Acid dragon scale |       |       |       |       |   593 |   924 ||  1517
  Dodge: Dodged            |    64 |   119 |   167 |   283 |   719 |   790 ||  2142
  Block: Kite shield       |       |       |       |       |       |    54 ||    54
   Form: Serpent           |       |       |       |       |       |     1 ||     1

Table legend: (Time is in decaauts)
 A = Elapsed time spent in this place.
 B = Non-inter-level travel time spent in this place.
 C = Inter-level travel time spent in this place.
 D = Time resting spent in this place.
 E = Time spent auto-exploring this place.
 F = Levels seen in this place.
 G = Mean time per level.
                   A        B        C        D        E       F      G
               +--------+--------+--------+--------+--------+-----+--------+
         Total |  32574 |  30380 |   2194 |   5992 |  18301 |  25 | 1303.0 |
       Dungeon |  16337 |  14620 |   1717 |   1495 |  10149 |  15 | 1089.1 |
          Lair |  10146 |   9827 |    319 |   3096 |   5006 |   5 | 2029.2 |
   Spider Nest |   5528 |   5374 |    154 |   1182 |   2906 |   4 | 1382.0 |
        Vaults |    560 |    557 |      3 |    218 |    239 |   1 |  560.0 |
               +--------+--------+--------+--------+--------+-----+--------+

Top non-repeatable levels by time:
  Lair:1: 3334 daAuts
  Lair:5: 2371 daAuts
Spider:4: 1872 daAuts
  Lair:4: 1585 daAuts
    D:13: 1556 daAuts
  Lair:3: 1499 daAuts
Spider:2: 1392 daAuts
     D:4: 1367 daAuts
  Lair:2: 1356 daAuts
     D:5: 1339 daAuts
     D:9: 1302 daAuts
     D:6: 1263 daAuts
    D:15: 1261 daAuts
     D:1: 1233 daAuts
    D:14: 1149 daAuts
